 Dungeon Crawl Stone Soup version 0.17.0-28-g6e173f8 (webtiles) character file.

49 coffecat the Conjurer (level 3, -10/26 HPs)
             Began as a Demigod Conjurer on Nov 26, 2015.
             Mangled by Grinder (11 damage)
             ... on level 3 of the Dungeon.
             The game lasted 00:08:48 (1983 turns).

coffecat the Conjurer (Demigod Conjurer)            Turns: 1983, Time: 00:08:48

Health: -10/26     AC:  2    Str: 11    XL:     3   Next: 32%
Magic:  6/9        EV: 13    Int: 19    God:
Gold:   39         SH:  0    Dex: 18    Spells: 1 memorised, 5 levels left

rFire  . . .     SeeInvis .     l - +0 war axe
rCold  . . .     Clarity  .     a - +0 robe
rNeg   . . .     SustAt   +     (no shield)
rPois  .         Gourm    .     (no helmet)
rElec  .         Spirit   .     (no cloak)
rCorr  .         Warding  .     (no gloves)
rMut   .         Stasis   .     (no boots)
MR     .....                    (no amulet)
Stlth  ++........               (no ring)
                                (no ring)

@: not resistant to hostile enchantments, unstealthy
A: high mp 1, sustain attributes
a: no special abilities


You were on level 3 of the Dungeon.
You were not hungry.

You visited 1 branch of the dungeon, and saw 3 of its levels.

You collected 39 gold pieces.

Inventory:

Hand Weapons
 l - a +0 war axe (weapon)
Armour
 a - a +0 robe (worn)
 g - a +0 robe
Scrolls
 f - a scroll of identify {unknown}
 h - 2 scrolls of remove curse {unknown}
 j - a scroll of enchant armour {unknown}
 m - a scroll of recharging {unknown}
Potions
 d - a potion of agility {unknown}
 e - 2 potions of degeneration {unknown}
 i - a potion of resistance {unknown}
 k - a potion of magic {unknown}
Books
 b - a book of Conjurations

   Spells                             Type                      Level
   a - Magic Dart                     Conjuration                  1
   b - Searing Ray                    Conjuration                  2
   c - Dazzling Spray                 Conjuration/Hexes            3
   d - Fulminant Prism                Conjuration/Hexes            4
   e - Iskenderun's Mystic Blast      Conjuration                  4
   f - Iskenderun's Battlesphere      Conjuration/Charms           5
Comestibles
 c - 2 bread rations


   Skills:
 + Level 0.1 Fighting
 + Level 2.0 Dodging
 + Level 2.1 Stealth
 + Level 0.1 Unarmed Combat
 + Level 2.3 Spellcasting
 + Level 4.1 Conjurations


You had 5 spell levels left.
You knew the following spells:

 Your Spells              Type           Power        Failure   Level  Hunger
a - Magic Dart            Conj           ###.         3%          1    #......


Dungeon Overview and Level Annotations

Branches:
Dungeon (3/15)

Annotations:
D:3 Grinder


Innate Abilities, Weirdness & Mutations

You have an increased reservoir of magic (+10% MP).
Your attributes are resistant to harm.


Message History

Grinder is lightly wounded.
Grinder gestures at you.
You suddenly lose the ability to move!
Grinder barely misses you. Grinder gestures at you.
You shrug off the repeated paralysis!
Grinder gestures at you. Pain shoots through your body!
Ouch! That really hurt!
Grinder says, "You look like you could use a good racking."
Grinder hits you.
You writhe in agony.
Grinder gestures at you. Pain shoots through your body!
* * * LOW HITPOINT WARNING * * *
Grinder gestures.
Grinder blinks!
You can move again.
Grinder barely misses you. Grinder hits you!
You die...

######## #.†....# #####
#########.####.# #...####
###......##.#
#.#....#######.#.#....##.####
#...##....†.)...@5..........#
##.#########.....#....##.##.#.#
##.## ##....####.##......#
#...## ##.#.# #.#####.###
.....## #.#... ..# .# ......#
#.######## .. ......# #+# .#.
......# .#.# .....## .# #


You could see Grinder.

Vanquished Creatures
  An adder (D:3)
  A worm (D:3)
  3 giant geckos
  An orc (D:3)
  A giant cockroach (D:3)
  4 goblins
  A hobgoblin (D:1)
  3 jackals (D:1)
  7 kobolds
  A quokka (D:2)
  5 bats
  6 rats
34 creatures vanquished.

Notes
Turn   | Place    | Note
--------------------------------------------------------------
     0 | D:1      | coffecat the Demigod Conjurer began the quest for the Orb.
     0 | D:1      | Reached XP level 1. HP: 14/14 MP: 5/5
   409 | D:1      | Reached skill level 4 in Conjurations
   845 | D:1      | Reached XP level 2. HP: 20/20 MP: 4/7
  1563 | D:3      | Reached XP level 3. HP: 26/26 MP: 3/8
  1954 | D:3      | Noticed Grinder
  1974 | D:3      | Paralysed by Grinder for 7 turns
  1979 | D:3      | HP: 1/26 [Grinder/nerve-wracking pain (9)]
  1983 | D:3      | Mangled by Grinder

Action                   || total
-------------------------++-------
Melee: Unarmed           ||    15
       War axe           ||     7
 Cast: Magic Dart        ||    75
  Eat: Chunk             ||     2
       Meat ration       ||     1
